 Dungeon Crawl Stone Soup version 0.20.1-1-g8b1a95d (webtiles) character file.

23 Duckington the Skirmisher (level 3, 0/30 HPs)
             Began as a Formicid Abyssal Knight on Sept 26, 2017.
             Was a Follower of Lugonu.
             Succumbed to an adder's poison
             ... on level 2 of the Dungeon.
             The game lasted 00:08:05 (1190 turns).

Duckington the Skirmisher (Formicid Abyssal Knight) Turns: 1190, Time: 00:08:05

Health: 0/30       AC:  4    Str: 16    XL:     3   Next: 10%
Magic:  4/4        EV: 11    Int: 11    God:    Lugonu [*.....]
Gold:   29         SH:  0    Dex: 11    Spells: 2/2 levels left

rFire    . . .     SeeInvis +   d - +0 mace
rCold    . . .     Gourm    .   (no shield)
rNeg     . . .     Faith    .   b - +0 leather armour
rPois    .         Spirit   .   (helmet unavailable)
rElec    .         Reflect  .   c - +0 cloak
rCorr    .         Harm     .   (no gloves)
MR       .....                  (no boots)
Stlth    +.........             (no amulet)
Regen    0.1/turn               (no ring)
MPRegen  0.1/turn               (no ring)

@: lethally poisoned (0 -> -3)
A: permanent stasis, dig shafts and tunnels, four strong arms, antennae 3
a: Dig, Shaft Self, Depart the Abyss, Renounce Religion


You were on level 2 of the Dungeon.
You worshipped Lugonu.
Lugonu was aware of your devotion.
You were not hungry.

You visited 1 branch of the dungeon, and saw 2 of its levels.
You visited the Abyss 1 time.

You collected 29 gold pieces.

Inventory:

Hand Weapons
 a - a +1 hand axe
 d - a +0 mace (weapon)
 f - a +0 hunting sling
Missiles
 e - 6 stones (quivered)
Armour
 b - a +0 leather armour (worn)
 c - a +0 cloak (worn)
Comestibles
 g - a royal jelly
 h - a bread ration


   Skills:
 + Level 4.1 Fighting
 + Level 2.2 Axes
 + Level 0.2(1.3) Maces & Flails
 + Level 2.4 Armour
 + Level 0.8 Dodging
 + Level 2.2 Invocations


You had 2 spell levels left.
You didn't know any spells.

Dungeon Overview and Level Annotations

Branches:
Dungeon (2/15)

Altars:


Innate Abilities, Weirdness & Mutations

You cannot be hasted, slowed, berserked, paralysed or teleported.
You can dig through walls and to a lower floor.
Your four strong arms can wield two-handed weapons with a shield.
You have a pair of large antennae on your head. (SInv)


Message History

The adder barely misses you.
You sock the adder!
The adder is almost dead.
You feel sick. The adder bites you but does no damage. The adder bites you.
* * * LOW HITPOINT WARNING * * *
The adder closely misses you.
Found a spear.
* * * LOW HITPOINT WARNING * * *
You feel sick.
You miss the adder.
The adder is almost dead.
The adder misses you. The adder barely misses you.
You closely miss the adder.
The adder is almost dead.
The adder bites you.
* * * LOW HITPOINT WARNING * * *
The adder bites you but does no damage.
You closely miss the adder.
The adder is almost dead.
You die...

<............#
#.##....###.#
#.##....#
####.......###.#
#............... #
####.......###.# #.
#...........
#..####....##.###.#
#..@S..........
#..##..#####.#..
..........). .....
#.##..##.##..# #...
+. ... ... .... #
##...... ....
........ ...
......## ...


You could see an adder.

Vanquished Creatures
  A dart slug (D:1)
  A giant cockroach (D:1)
  2 goblins (D:1)
  2 hobgoblins (D:1)
  4 bats (D:1)
  4 frilled lizards (D:1)
  4 kobolds (D:1)
  3 rats (D:1)
21 creatures vanquished.

Notes
Turn   | Place    | Note
-------+----------+-------------------------------------------
     0 | Abyss:1  | Duckington the Formicid Abyssal Knight began the quest for the Orb.
     0 | Abyss:1  | Reached XP level 1. HP: 18/18 MP: 2/2
    19 | Abyss:1  | Found a corrupted altar of Lugonu.
   124 | Abyss:1  | Noticed a neqoxec
   130 | D:1      | Escaped the Abyss
   359 | D:1      | Reached XP level 2. HP: 9/25 MP: 3/3
   673 | D:1      | Reached * piety under Lugonu
   740 | D:1      | Reached skill level 4 in Fighting
  1032 | D:1      | Reached XP level 3. HP: 30/30 MP: 4/4
  1186 | D:2      | HP: 1/30 [poisoned by an adder]
  1190 | D:2      | Succumbed to an adder's poison

Skill      XL: |  1  2 |
---------------+-------+-----
Fighting       | 4 |  4.1
Axes           | |  2.2
Maces & Flails | |  0.2
Armour         | |  2.4
Dodging        | |  0.8
Invocations    | |  2.2

Action                   || total
-------------------------++-------
Melee: Mace              ||    71
Invok: Depart the Abyss  ||     1
 Abil: Dig               ||    13
  Use: Potion            ||     3
       Scroll            ||     3
  Eat: Bread ration      ||     1
       Royal jelly       ||     1
Armor: Leather armour    ||    24
Dodge: Dodged            ||    51
